 Dungeon Crawl Stone Soup version 0.28.0-53-g5a82cb258f (webtiles) character file.

Game seed: 3496687364074827946

338 pkoi the Ruffian (level 6, -2/48 HPs)
             Began as a Demigod Gladiator on May 27, 2022.
             Slain by a killer bee (6 damage)
             ... on level 5 of the Dungeon.
             The game lasted 00:05:04 (5589 turns).

pkoi the Ruffian (Demigod Gladiator)                Turns: 5589, Time: 00:05:05

Health: -2/48      AC:  6    Str: 19    XL:     6   Next: 7%
Magic:  8/8        EV: 11    Int: 14    God:
Gold:   88         SH:  0    Dex: 15    Spells: 5/5 levels left

rFire   . . .      SeeInvis .     - Unarmed
rCold   . . .      Faith    .   (no shield)
rNeg    . . .      Spirit   .   c - +0 ring mail
rPois   .          Reflect  .   b - +0 helmet
rElec   .          Harm     .   (no cloak)
rCorr   .          Rampage  .   (no gloves)
Will    .....                   (no boots)
Stlth   +.........              (no amulet)
HPRegen 0.16/turn               (no ring)
MPRegen 0.11/turn               (no ring)

@: lethally poisoned (-2 -> -12)
A: high MP 1, forlorn, divine attributes
a: no special abilities


You were on level 5 of the Dungeon.
You visited 1 branch of the dungeon, and saw 5 of its levels.

You collected 88 gold pieces.

Inventory:

Hand Weapons
 d - a +0 whip
 g - a +1 dagger of speed
Missiles
 e - 5 javelins (quivered)
 i - a throwing net
Armour
 a - a +0 leather armour
 b - a +0 helmet (worn)
 c - a +0 ring mail (worn)
Scrolls
 f - a scroll of amnesia
Potions
 h - a potion of flight {unknown}
 j - a potion of berserk rage {unknown}
 l - a potion of might {unknown}


   Skills:
 - Level 1.7 Fighting
 - Level 1.7 Throwing
 + Level 2.6 Armour
 - Level 2.6 Dodging
 * Level 5.8 Unarmed Combat


You had 5 spell levels left.
You didn't know any spells.
Your spell library contained the following spells:

 Spells                   Type           Power      Damage    Failure   Level
 Summon Guardian Golem    Hex/Summ       0%         N/A       82%         3
 Orb of Destruction       Conj           0%         9d5       100%        7
 Spellforged Servitor     Conj/Summ      0%         N/A       100%        7


Dungeon Overview and Level Annotations

Branches:
Dungeon (5/15)
 Temple: D:4-7

Annotations:
D:3 Eustachio, Terence


Innate Abilities, Weirdness & Mutations

You have an increased reservoir of magic. (+10% MP)
You shall have no god before yourself.
Your divine heritage dramatically boosts your attributes as you level up.


Message History

The killer bee closely misses you. The killer bee stings you!
* * * LOW HITPOINT WARNING * * *
You are poisoned.
The killer bee poisons you!
You hit the killer bee but do no damage.
The killer bee is heavily wounded.
You feel sick.
The killer bee stings you but does no damage.
The killer bee barely misses you.
You hit the killer bee.
The killer bee is severely wounded.
You feel sick. The killer bee closely misses you.
You miss the killer bee.
The killer bee is severely wounded.
You feel sick. The killer bee barely misses you.
The killer bee stings you but does no damage.
You closely miss the killer bee. Your punch misses the killer bee.
The killer bee is severely wounded.
You feel sick. The killer bee barely misses you.
The killer bee stings you but does no damage.
You closely miss the killer bee.
The killer bee is severely wounded.
You feel sick. The killer bee barely misses you. x2
You closely miss the killer bee.
The killer bee is severely wounded.
You feel sick. The killer bee stings you.
* * * LOW HITPOINT WARNING * * *
You hit the killer bee.
The killer bee is almost dead.
You feel sick. The killer bee misses you.
The killer bee stings you but does no damage.
You miss the killer bee.
The killer bee is almost dead.
You feel sick.
You are no longer poisoned.
The killer bee stings you.
* * * LOW HITPOINT WARNING * * *
You are lethally poisoned!
The killer bee poisons you! The killer bee stings you.
You die...

#########.#
#..y@.....#..#
#.#########..#
#<.....# ..#
#.#.##.####..#
#..#....#.......#
#.........####.#
...#######...##.#
.# ♣♣♣♣♣###....#
#♣♣♣....♣♣###..#


You could see a killer bee.

Vanquished Creatures
  A water moccasin (D:3)
  A scorpion (D:4)
  A centaur skeleton (D:5)
  An iguana (D:5)
  A hound skeleton (D:5)
  A gnoll (D:1)
  A howler monkey skeleton (D:4)
  An adder (D:3)
  A worm (D:2)
  3 dart slugs (D:2)
  6 orcs (D:3)
  8 endoplasms
  4 giant cockroaches
  9 goblins
  3 hobgoblins
  3 ball pythons
  5 bats
  2 frilled lizards
  7 kobolds
  9 rats
68 creatures vanquished.

Vanquished Creatures (others)
  A frilled lizard (D:2)
1 creature vanquished.

Grand Total: 69 creatures vanquished

Notes
Turn   | Place    | Note
-------+----------+-------------------------------------------
     0 | D:1      | pkoi the Demigod Gladiator began the quest for the Orb.
     0 | D:1      | Reached XP level 1. HP: 17/17 MP: 3/3
   287 | D:1      | Reached skill level 3 in Unarmed Combat
   317 | D:1      | Reached XP level 2. HP: 9/24 MP: 4/4
  1680 | D:2      | Reached XP level 3. HP: 25/29 MP: 5/5
  1825 | D:2      | Reached skill level 4 in Unarmed Combat
  2748 | D:3      | Noticed a water moccasin
  2749 | D:3      | Noticed Terence
  3211 | D:4      | Noticed Eustachio
  3393 | D:3      | Reached skill level 1 in Armour
  3393 | D:3      | Reached XP level 4. HP: 17/36 MP: 6/6
  3494 | D:3      | Killed a water moccasin
  3495 | D:3      | Reached skill level 5 in Unarmed Combat
  3495 | D:3      | Reached XP level 5. HP: 19/41 MP: 7/7
  4678 | D:5      | Entered Level 5 of the Dungeon
  5390 | D:4      | HP: 2/41 [poisoned by a scorpion]
  5391 | D:4      | Reached XP level 6. HP: 3/48 MP: 8/8
  5589 | D:5      | Slain by a killer bee

Illustrated notes

Levels and vault maps discovered:
D:1:      dpeg_arrival_radiant, layout_loops_ring,
          chequers_ecumenical_altar_island
D:2:      layout_basic
D:3:      layout_loops_ring, nicolae_qazlal_eye_of_the_storm,
          mainiacjoe_overflow_divided_tiny, uniq_terence
D:4:      layout_rooms, nicolae_dithmenos_through_a_glass_darkly, uniq_eustachio
D:5:      layout_basic, kennysheep_ying_yang,
          mainiacjoe_overflow_concentric_impassable,
          nemelex_xobeh_ov_fountains_minmay, temple_doors_e

Skill      XL: |  1  2  3  4 |
---------------+-------------+-----
Unarmed Combat | 3 4 5 |  5.8
Armour         | 1 2 |  2.6
Fighting       | |  1.7
Throwing       | |  1.7
Dodging        | |  2.6

Action                   |  1- 3 |  4- 6 || total
-------------------------+-------+-------++-------
Melee: Unarmed           |   152 |   116 ||   268
       Punch             |     6 |     4 ||    10
Throw: Throwing net      |     5 |       ||     5
       Javelin           |       |     1 ||     1
  Use: Potion            |     3 |     1 ||     4
       Scroll            |     5 |     4 ||     9
 Stab: Sleeping          |     1 |       ||     1
Armor: Leather armour    |    27 |       ||    27
       Ring mail         |     5 |    49 ||    54
Dodge: Dodged            |    83 |    79 ||   162
